 Dungeon Crawl Stone Soup version 0.30.1-4-g462c640d31 (webtiles) character file.

Game seed: 14314554679630196474

307 Arctor the Insei (level 6, -1/51 HPs)
             Began as a Draconian Transmuter on Sept 7, 2023.
             Slain by a kobold brigand
             ... wielding a +2 dagger of electrocution
              (15 damage)
             ... on level 4 of the Dungeon.
             The game lasted 00:04:02 (4509 turns).

Arctor the Insei (Draconian Transmuter)             Turns: 4509, Time: 00:04:03

Health: -1/51      AC:  2    Str: 18    XL:     6   Next: 16%
Magic:  0/10       EV: 20    Int: 15    God:
Gold:   189        SH:  0    Dex: 17    Spells: 7/11 levels left

rFire   . . .        p - melded +2 shortbow (heavy)
rCold   . . .        (shield currently unavailable)
rNeg    + . .        (body armour unavailable)
rPois   x            (helmet currently unavailable)
rElec   .            k - melded +0 cloak
rCorr   .            (gloves currently unavailable)
SInv    .            (boots currently unavailable)
Will    .....        e - amulet of guardian spirit
Stlth   ++           j - +6 ring of strength
HPRegen 0.28/turn    m - ring of positive energy
MPRegen 0.12/turn

%: guardian spirit
@: spider-form (expiring)
A: venomous fangs, AC +6, tiny, unfitting armour, (cold-blooded)
a: End Transformation


You were on level 4 of the Dungeon.
You were a venomous arachnid creature.
You visited 1 branch of the dungeon, and saw 4 of its levels.

You collected 189 gold pieces.

Inventory:

Hand Weapons
 p - a +2 heavy shortbow (melded)
Armour
 k - a +0 cloak (melded)
Jewellery
 e - an amulet of guardian spirit (around neck)
 j - a +6 ring of strength (left front pincers)
 m - a ring of positive energy (right front pincers)
Wands
 q - a wand of paralysis (6)
Scrolls
 b - 2 scrolls of noise
 c - a scroll of blinking
 g - a scroll of magic mapping
 h - 2 scrolls of fear
 i - a scroll of teleportation
 r - a scroll of fog
 t - a scroll of immolation {unknown}
Potions
 a - a potion of lignification
 d - a potion of degeneration {unknown}
 f - a potion of heal wounds {unknown}
 l - a potion of curing
 n - a potion of brilliance {unknown}
 o - a potion of attraction {unknown}
 s - a potion of haste {unknown}


   Skills:
 + Level 3.0 Fighting
 + Level 0.8 Ranged Weapons
 + Level 3.0 Dodging
 + Level 4.1 Unarmed Combat
 + Level 3.1 Spellcasting
 + Level 3.3 Transmutations


You had 7 spell levels left.
You knew the following spells:

 Your Spells              Type           Power      Damage    Failure   Level
a - Beastly Appendage     Tmut           24%        N/A       16%         1
b - Spider Form           Tmut/Pois      7%         N/A       52%         3

Your spell library contained the following spells:

 Spells                   Type           Power      Damage    Failure   Level
 Wereblood                Tmut           12%        N/A       21%         2
 Ensorcelled Hibernation  Hex/Ice        4%         N/A       52%         2
 Call Canine Familiar     Summ           2%         N/A       73%         3
 Portal Projectile        Hex/Tloc       4%         N/A       73%         3
 Ice Form                 Ice/Tmut       7%         N/A       86%         4
 Anguish                  Hex/Necr       1%         N/A       97%         4
 Leda's Liquefaction      Hex/Erth       1%         N/A       97%         4


Dungeon Overview and Level Annotations

Branches:
Dungeon (4/15)
 Temple: D:4-7

Altars:
Gozag


Innate Abilities, Weirdness & Mutations

You are a venomous arachnid creature.
You have venomous fangs.
You are tiny and dextrous.
Your spellcasting is less reliable in this form.
Your armour is entirely melded.
You are incapable of wielding weapons or throwing items.
((Your plain brown scales are hard. (AC +6)))
You cannot fit into any form of body armour.
((You are cold-blooded and may be slowed by cold attacks.))


Message History

The kobold attacks as you move away! The kobold hits you with a +0 club.
There is an open door here.
Things that are here:
a +0 club; a kobold corpse
Things that are here:
9 stones; a kobold corpse; a kobold corpse
Casting: Spider Form (dangerous; 30% risk of failure)
Confirm with . or Enter, or press ? or * to list all spells.
You turn into a venomous arachnid creature.
Your +2 heavy shortbow melds into your body.
Your +0 cloak melds into your body.
The kobold hits you with a +0 club.
You hit the kobold.
The kobold is poisoned.
The kobold is moderately wounded.
The kobold misses you.
You bite the kobold!
You kill the kobold!
You bite the kobold!
You kill the kobold!
The gnoll hits you from afar with a +0 spear.
You hit the kobold.
The kobold is heavily wounded.
The gnoll barely misses you.
The kobold brigand throws a curare-tipped dart.
The curare-tipped dart closely misses you.
You hit the kobold.
You kill the kobold!
You hit the kobold but do no damage.
The kobold is poisoned.
The gnoll barely misses you.
You barely miss the kobold brigand.
The gnoll hits you from afar with a +0 spear!
The gnoll closely misses you.
You bite the kobold brigand!
The kobold brigand is poisoned.
The kobold brigand is moderately wounded.
Your transformation is almost over.
The gnoll hits you from afar with a +0 spear!
The gnoll closely misses you.
The kobold brigand hits you with a +2 dagger of electrocution!
* * * LOW HITPOINT WARNING * * *
You are electrocuted!
You die...

.................................
.................................
~..~~.(((~..~~~.~~...~.~~~~.~~.~~
~~~~......~≈~~~~~~~~~~~≈~≈≈~~~~≈~
~~~~~.....~≈≈≈≈≈≈≈≈≈≈≈≈≈≈≈≈≈≈≈≈≈≈
≈≈~≈.....~≈≈≈≈≈≈≈≈ ≈≈≈≈≈≈≈≈≈≈≈≈≈#
######))#########################
#....#......)#g.............#
#....#......sKKK............#
#####.(..#########gK............#
...#......#..........########)...
...'..)...'..........# #.K..
)..#......#..........########....
#####....#########..............#
K.. #....#.....).)..............#
... #....#.......#..............#
### #############################


You could see a kobold brigand (very poisoned), 2 gnolls and 3 kobolds.

Vanquished Creatures
  A centaur (D:4)
  A scorpion (D:4)
  3 gnolls (D:4)
  3 adders (D:2)
  An ufetubus (D:4)
  A dart slug (D:2)
  3 orcs (D:3)
  6 ball pythons
  6 endoplasms
  2 giant cockroaches (D:3)
  3 goblins
  2 hobgoblins
  14 jackals
  29 kobolds
  8 quokkas
  6 bats
  A frilled lizard (D:2)
  9 rats
99 creatures vanquished.

Notes
Turn   | Place    | Note
-------+----------+-------------------------------------------
     0 | D:1      | Arctor the Draconian Transmuter began the quest for the
                  | Orb.
     0 | D:1      | Reached XP level 1. HP: 16/16 MP: 3/3
    47 | D:1      | Reached XP level 2. HP: 6/23 MP: 3/5
  1292 | D:2      | Reached XP level 3. HP: 29/29 MP: 2/6
  1823 | D:2      | Reached XP level 4. HP: 33/36 MP: 5/7
  2012 | D:2      | You fall into a shaft and drop 2 floors!
  2833 | D:3      | Found an opulent altar of Gozag.
  3465 | D:4      | Noticed a centaur
  3474 | D:4      | Killed a centaur
  3475 | D:4      | Reached XP level 5. HP: 33/42 MP: 3/9
  3479 | D:4      | Learned a level 3 spell: Spider Form
  3828 | D:4      | Reached skill level 4 in Unarmed Combat
  4176 | D:4      | Reached XP level 6. HP: 51/51 MP: 10/10
  4509 | D:4      | Slain by a kobold brigand

Illustrated notes

Levels and vault maps discovered:
D:1:      dpeg_arrival_shrine, layout_loops_ring, minmay_tetromino_s2
D:2:      layout_basic, grunt_ministairs_10, chequers_serial_rivers_micro_d,
          kennysheep_potato
D:3:      layout_basic, overflow_temple_1_default, serial_rivers,
          chequers_serial_rivers_marsh, chequers_serial_rivers_micro_d,
          chequers_serial_rivers_small_a, chequers_serial_rivers_large_a,
          minmay_misc_feat_columns
D:4:      minmay_goblin_kobold_castle, layout_layer_cave, uniq_grinder

Skill      XL: |  1  2  3  4  5  6 |
---------------+-------------------+-----
Dodging        | 2 3 |  3.0
Fighting       | 2 3 |  3.0
Transmutations | 3 |  3.3
Spellcasting   | 3 |  3.1
Unarmed Combat | 4 |  4.1
Ranged Weapons | |  0.8

Action                     |  1- 3 |  4- 6 || total
---------------------------+-------+-------++-------
  Melee: Unarmed           |   121 |   103 ||   224
         Tailslap          |    17 |     7 ||    24
         Kick              |    19 |    12 ||    31
         Headbutt          |    13 |    10 ||    23
         Punch             |     2 |       ||     2
   Fire: Shortbow          |       |    34 ||    34
   Cast: Beastly Appendage |    75 |    29 ||   104
         Spider Form       |       |     7 ||     7
    Use: Scroll            |       |    11 ||    11
         Potion            |       |     1 ||     1
   Stab: Sleeping          |     1 |     1 ||     2
         Distracted        |       |     1 ||     1
 Armour: Skin              |    62 |    55 ||   117
  Dodge: Dodged            |   133 |   150 ||   283
